 Dungeon Crawl Stone Soup version 0.28-a0-631-g0446da8ef9 (webtiles) character file.

Game seed: 12406054527492564724

3882 Rennog the Reanimator (level 10, -3/111 HPs)
             Began as a Gnoll Necromancer on Oct 10, 2021.
             Was a Priest of Cheibriados.
             Slain by a centaur warrior (7 damage)
             ... on level 9 of the Dungeon.
             The game lasted 00:31:07 (9878 turns).

Rennog the Reanimator (Gnoll Necromancer)           Turns: 9878, Time: 00:31:07

Health: -3/111     AC: 25    Str: 18    XL:     10   Next: 19%
Magic:  3/20       EV:  2    Int: 23    God:    Cheibriados [***...]
Gold:   333        SH:  0    Dex: 33    Spells: 4/23 levels left

rFire   . . .      SeeInvis .   u - +2 rapier of Bodily Humours {venom, Stlth+}
rCold   . . .      Faith    .   (no shield)
rNeg    . . .      Spirit   .   (armour currently unavailable)
rPois   +          Reflect  .   (helmet currently unavailable)
rElec   .          Harm     .   (cloak currently unavailable)
rCorr   .          Rampage  .   (gloves currently unavailable)
Will    .....      NoTele   +   (boots currently unavailable)
Stlth   +++++.....              t - amulet of magic regeneration
HPRegen 0.28/turn               i - +6 ring of dexterity
MPRegen 0.42/turn               v - +6 ring of dexterity

@: tree-form (expiring), very slow
A: stationary, stasis, torment immunity, boosted hp, (fangs 1), strong nose,
distributed training
a: Renounce Religion, Bend Time, Temporal Distortion


You were on level 9 of the Dungeon.
You worshipped Cheibriados.
Cheibriados was most pleased with you.
You were a tree.
You visited 2 branches of the dungeon, and saw 9 of its levels.
You also visited: Sewer.

You collected 333 gold pieces.

Inventory:

Hand Weapons
 n - a +0 vorpal long sword
 u - the +2 rapier of Bodily Humours (weapon) {venom, Stlth+}
   (You found it on level 6 of the Dungeon)

   It poisons the flesh of those it strikes.
   Stlth:     It makes you more stealthy.
Armour
 a - a +0 robe (melded)
 d - a +0 pair of boots (melded)
 h - a +0 helmet (melded)
Jewellery
 i - a +6 ring of dexterity (left branch)
 t - an amulet of magic regeneration (around neck)
 v - a +6 ring of dexterity (right branch)
Wands
 r - a wand of iceblast (19)
Scrolls
 b - a scroll of magic mapping {unknown}
 f - 4 scrolls of teleportation
 g - a scroll of enchant armour {unknown}
 k - 3 scrolls of identify {unknown}
 o - a scroll of immolation {unknown}
 p - a scroll of enchant weapon {unknown}
 q - a scroll of amnesia {unknown}
 s - 2 scrolls of fog {unknown}
 x - a scroll of vulnerability {unknown}
Potions
 c - 4 potions of flight
 e - 2 potions of brilliance {unknown}
 j - 2 potions of lignification {unknown}
 l - 2 potions of curing
 m - 2 potions of degeneration {unknown}
 w - a potion of resistance {unknown}


   Skills:
 + Level 5.0 Fighting
 + Level 5.0 Short Blades
 + Level 5.0 Long Blades
 + Level 5.0 Axes
 + Level 5.0 Maces & Flails
 + Level 5.0 Polearms
 + Level 5.0 Staves
 + Level 5.0 Slings
 + Level 5.0 Bows
 + Level 5.0 Crossbows
 + Level 5.0 Throwing
 + Level 5.0 Armour
 + Level 6.9 Dodging
 + Level 6.6 Stealth
 + Level 5.0 Shields
 + Level 5.0 Unarmed Combat
 + Level 7.2 Spellcasting
 + Level 4.1 Conjurations
 + Level 4.1 Hexes
 + Level 4.1 Summonings
 + Level 8.3 Necromancy
 + Level 4.1 Translocations
 + Level 4.1 Transmutations
 + Level 4.1 Fire Magic
 + Level 4.1 Ice Magic
 + Level 4.1 Air Magic
 + Level 4.1 Earth Magic
 + Level 4.1 Poison Magic
 + Level 5.5 Invocations
 + Level 5.0 Evocations


You had 4 spell levels left.
You knew the following spells:

 Your Spells              Type           Power      Damage    Failure   Level
a - Pain                  Necr           100%       1d9       1%          1
b - Vampiric Draining     Necr           23%        2d9       1%          3
c - Animate Dead          Necr           23%        N/A       2%          4
d - Summon Guardian Gole  Hex/Summ       27%        N/A       4%          3
e - Call Canine Familiar  Summ           27%        N/A       4%          3
f - Agony                 Necr           46%        N/A       7%          5

Your spell library contained the following spells:

 Spells                   Type           Power      Damage    Failure   Level
 Animate Skeleton         Necr           92%        N/A       1%          1
 Magic Dart               Conj           100%       1d8       1%          1
 Summon Small Mammal      Summ           100%       N/A       1%          1
 Searing Ray              Conj           54%        2d6       1%          2
 Fulminant Prism          Conj/Hex       13%        3d9       14%         4


Dungeon Overview and Level Annotations

Branches:
Dungeon (9/15)             Temple (1/1) D:4           Sewer (visited)
   Lair: D:8-11         Orc: D:9-12

Altars:
Ashenzari
Cheibriados
Dithmenos
Qazlal
Ru
Vehumet
Wu Jian
Yredelemnul
Zin

Shops:
D:9 *(


Innate Abilities, Weirdness & Mutations

You are a tree.
Your roots penetrate the ground, keeping you stationary.
You cannot be teleported.
You are immune to unholy pain and torment.
Your maximum health is greatly increased.
Your equipment is partially melded.
((You have very sharp teeth.))
Your uncanny sense of smell can sniff out nearby items.
Your experience applies equally to all skills.


Message History

As you read the scroll labelled OMPAOH XOECAF, it crumbles to dust.
You feel a strange sense of stasis.
It was a scroll of teleportation.
The centaur warrior completely misses you.
The centaur warrior kicks you but does no damage.
The howler monkey hits you but does no damage.
The orc priest hits you but does no damage.
Your hound bites the centaur warrior.
The centaur warrior hits you.
* * * LOW HITPOINT WARNING * * *
The centaur warrior kicks you.
* * * LOW HITPOINT WARNING * * *
The orc warrior hits you from afar with a +0 trident!
* * * LOW HITPOINT WARNING * * *
The howler monkey completely misses you.
Your transformation is almost over.
Your hound barely misses the centaur warrior.
The centaur warrior hits you but does no damage.
The centaur warrior kicks you but does no damage.
The orc priest hits you but does no damage.
The howler monkey hits you but does no damage.
The orc warrior hits you from afar with a +0 trident.
* * * LOW HITPOINT WARNING * * *
Your hound barely misses the centaur warrior.
The centaur warrior barely misses you.
The centaur warrior kicks you but does no damage.
The orc priest hits your hound with a +0 flail.
Your hound bites the centaur warrior.
The howler monkey hits you.
* * * LOW HITPOINT WARNING * * *
The centaur warrior hits you but does no damage.
The centaur warrior kicks you but does no damage.
The orc warrior hits you but does no damage.
Your hound closely misses the centaur warrior.
The centaur warrior hits you!
* * * LOW HITPOINT WARNING * * *
The centaur warrior kicks you but does no damage.
The orc priest hits you but does no damage.
The howler monkey hits you but does no damage.
The orc warrior hits you but does no damage.
Your hound bites the centaur warrior but does no damage.
The centaur warrior hits you!
You die...

.......# #.# #.......#
.......# #.# #.......#
.......# #.# #.......####
####...# #.# #.............#
#...# #.# #.......#.....#
#...######.#####.........#+#..
#..............o.........+
#####.######.ho..........#+
#.# #.♣c............ #.#
#(.h9........... #.#
#..............#
#######.######..............#
.............................
....[####..###+###.....###+###
... ##..## ##...## .....##..##
##.## ...)..).## ### #


You could see a centaur warrior, an orc warrior, a howler monkey (ally target),
an orc priest, a friendly guardian golem (summoned) and a friendly hound
(summoned, sheltered).

Vanquished Creatures
  2 two-headed ogres
  A troll (D:9)
  A steam dragon (D:8)
  A vampire mosquito (D:8)
  2 ice beasts (D:6)
  A black bear (D:4)
  2 sky beasts (D:6)
  An ogre (D:6)
  A centaur (D:8)
  2 kobold brigands
  Blork the orc (D:4)
  A wyvern zombie (D:6)
  A bullfrog (D:9)
  A water moccasin zombie (D:5)
  A scorpion (D:4)
  A wyvern skeleton (D:5)
  3 howler monkeys
  3 bullfrog zombies
  A centaur zombie (D:6)
  4 orc priests
  5 hounds
  A bullfrog skeleton (D:5)
  A gnoll shaman (D:6)
  A centaur skeleton (D:5)
  An iguana (D:4)
  Natasha (thrice) (D:3)
  3 orc wizards
  2 hound skeletons
  2 howler monkey zombies
  Robin (D:3)
  A gnoll (D:5)
  11 adders
  3 river rats
  4 white imps
  An adder skeleton (D:4)
  3 worms
  14 orcs
  10 ball pythons
  6 bats
  4 endoplasms
  3 giant cockroaches
  12 goblins
  8 hobgoblins
  3 jackals
  7 quokkas
  A frilled lizard (D:2)
  10 kobolds
  A quokka skeleton (D:4)
  10 rats
  A spectral orc (D:5)
164 creatures vanquished.

Vanquished Creatures (collateral kills)
  A killer bee zombie (D:8)
  2 orcs (D:9)
  3 kobolds (D:8)
6 creatures vanquished.

Vanquished Creatures (others)
  A kobold (D:8)
  A quokka (D:9)
  A rat (D:9)
  6 plants (D:9)
9 creatures vanquished.

Grand Total: 179 creatures vanquished

Notes
Turn   | Place    | Note
-------+----------+-------------------------------------------
     0 | D:1      | Rennog the Gnoll Necromancer began the quest for the Orb.
     0 | D:1      | Reached XP level 1. HP: 13/13 MP: 6/6
   154 | D:1      | Reached XP level 2. HP: 17/19 MP: 5/7
  1029 | D:2      | Reached XP level 3. HP: 21/25 MP: 5/9
  1035 | D:2      | Reached skill level 5 in Spellcasting
  1307 | D:2      | Reached skill level 1 in Invocations
  1490 | D:2      | Reached skill level 1 in Fighting
  1490 | D:2      | Reached skill level 1 in Short Blades
  1490 | D:2      | Reached skill level 1 in Long Blades
  1490 | D:2      | Reached skill level 1 in Axes
  1490 | D:2      | Reached skill level 1 in Maces & Flails
  1490 | D:2      | Reached skill level 1 in Polearms
  1490 | D:2      | Reached skill level 1 in Staves
  1490 | D:2      | Reached skill level 1 in Slings
  1490 | D:2      | Reached skill level 1 in Bows
  1490 | D:2      | Reached skill level 1 in Crossbows
  1490 | D:2      | Reached skill level 1 in Throwing
  1490 | D:2      | Reached skill level 1 in Armour
  1490 | D:2      | Reached skill level 1 in Shields
  1490 | D:2      | Reached skill level 1 in Unarmed Combat
  1490 | D:2      | Reached skill level 1 in Evocations
  1494 | D:2      | Learned a level 3 spell: Vampiric Draining
  1632 | D:2      | Reached XP level 4. HP: 25/32 MP: 2/11
  2080 | D:3      | Noticed Robin
  2421 | D:3      | Learned a level 4 spell: Animate Dead
  2493 | D:3      | Killed Robin
  2499 | D:3      | Reached skill level 1 in Conjurations
  2499 | D:3      | Reached skill level 1 in Hexes
  2499 | D:3      | Reached skill level 1 in Summonings
  2499 | D:3      | Reached skill level 1 in Translocations
  2499 | D:3      | Reached skill level 1 in Transmutations
  2499 | D:3      | Reached skill level 1 in Fire Magic
  2499 | D:3      | Reached skill level 1 in Ice Magic
  2499 | D:3      | Reached skill level 1 in Air Magic
  2499 | D:3      | Reached skill level 1 in Earth Magic
  2499 | D:3      | Reached skill level 1 in Poison Magic
  2729 | D:3      | Found a faded altar of an unknown god.
  2844 | D:3      | Reached XP level 5. HP: 32/37 MP: 6/12
  3142 | D:3      | Noticed Natasha
  3148 | D:3      | Killed Natasha
  3163 | D:3      | Noticed Natasha
  3167 | D:3      | Killed Natasha
  3243 | D:3      | Noticed Natasha
  3247 | D:3      | Killed Natasha
  3328 | D:4      | Reached XP level 6. HP: 42/44 MP: 10/13
  3460 | D:4      | Noticed Blork the orc
  3516 | D:4      | Killed Blork the orc
  3527 | D:4      | Reached skill level 5 in Dodging
  3674 | D:4      | Found a staircase to the Ecumenical Temple.
  3682 | Temple   | Entered the Ecumenical Temple
  3691 | Temple   | Became a worshipper of Cheibriados the Contemplative
  3814 | D:4      | Found a radiant altar of Vehumet.
  4136 | D:4      | Reached XP level 7. HP: 45/50 MP: 9/15
  4442 | D:4      | Found a sacrificial altar of Ru.
  4449 | D:4      | Reached * piety under Cheibriados
  4736 | D:5      | Entered Level 5 of the Dungeon
  4776 | D:5      | Found a glowing silver altar of Zin.
  4860 | D:5      | Reached skill level 5 in Stealth
  4933 | D:5      | Found a glowing drain.
  4937 | Sewer    | Entered a sewer
  5298 | Sewer    | Found a white marble altar of Elyvilon.
  5440 | D:5      | Reached XP level 8. HP: 15/57 MP: 0/16
  5455 | D:5      | Reached ** piety under Cheibriados
  6176 | D:5      | Learned a level 3 spell: Summon Guardian Golem
  6598 | D:5      | Found a basalt altar of Yredelemnul.
  6699 | D:6      | Identified the +2 rapier of Bodily Humours {venom, Stlth+}
  6913 | D:6      | HP: 1/58 [wyvern zombie (10)]
  7076 | D:6      | Learned a level 3 spell: Call Canine Familiar
  7082 | D:6      | Learned a level 5 spell: Agony
  7664 | D:6      | Reached XP level 9. HP: 53/65 MP: 8/18
  8038 | D:6      | You fall into a shaft and drop 2 floors!
  8052 | D:8      | Reached *** piety under Cheibriados
  8918 | D:8      | Noticed a two-headed ogre
  8927 | D:8      | Killed a two-headed ogre
  8928 | D:8      | Reached skill level 8 in Necromancy
  9334 | D:9      | Noticed a troll
  9351 | D:9      | Killed a troll
  9352 | D:9      | Reached skill level 5 in Invocations
  9670 | D:9      | Found Udeosm's Antique Weapon Shop.
  9699 | D:9      | Noticed a two-headed ogre
  9716 | D:9      | Found Coiwkuq's Assorted Antiques.
  9738 | D:9      | Killed a two-headed ogre
  9739 | D:9      | Reached skill level 5 in Fighting
  9739 | D:9      | Reached skill level 5 in Short Blades
  9739 | D:9      | Reached skill level 5 in Long Blades
  9739 | D:9      | Reached skill level 5 in Axes
  9739 | D:9      | Reached skill level 5 in Maces & Flails
  9739 | D:9      | Reached skill level 5 in Polearms
  9739 | D:9      | Reached skill level 5 in Staves
  9739 | D:9      | Reached skill level 5 in Slings
  9739 | D:9      | Reached skill level 5 in Bows
  9739 | D:9      | Reached skill level 5 in Crossbows
  9739 | D:9      | Reached skill level 5 in Throwing
  9739 | D:9      | Reached skill level 5 in Armour
  9739 | D:9      | Reached skill level 5 in Shields
  9739 | D:9      | Reached skill level 5 in Unarmed Combat
  9739 | D:9      | Reached skill level 5 in Evocations
  9739 | D:9      | Reached XP level 10. HP: 61/74 MP: 0/20
  9804 | D:9      | Noticed a death yak
  9825 | D:9      | Noticed a death yak
  9826 | D:9      | Noticed a death yak
  9859 | D:9      | Noticed a centaur warrior
  9877 | D:9      | HP: 4/111 [centaur warrior (7)]
  9878 | D:9      | Slain by a centaur warrior

Illustrated notes

Levels and vault maps discovered:
D:1:      wander_arrival_lonely_grave, layout_basic, minmay_misc_feat_plants,
          serial_park_tiny_1
D:2:      layout_loops_corners
D:3:      layout_basic, shapermc_ecumenical_altar_totnotflames, uniq_natasha,
          uniq_robin
D:4:      layout_basic, general_overflow_altar,
          nicolae_ru_great_annihilating_truth, minmay_temple_entry_trees,
          minmay_splitting_lines, minmay_fountain_box, uniq_blork_the_orc
D:5:      layout_basic, yredelemnul_forgotten_temple_becter,
          overflow_temple_1_default, gup_sewer_entry_spiral, serial_undead,
          serial_undead_f, serial_undead_f, serial_undead_f, serial_undead_e
D:6:      layout_loops_ring
D:8:      layout_rooms, serial_aquarium, aquarium_bridge_square
          [aquarium_subvault_bridge, aquarium_subvault_wall,
          aquarium_subvault_bridge, aquarium_subvault_wall],
          aquarium_window_double, aquarium_window_1, aquarium_view_2c,
          aquarium_pool_2
D:9:      minmay_the_grid_octo_2x2 [minmay_the_grid_octo_pinwheel,
          minmay_the_grid_octo_checkered, minmay_the_grid_octo_focus,
          minmay_the_grid_octo_prize_big_c], layout_small_grid,
          dpeg_lair_monsters, serial_shops, nicolae_lakefront_shop,
          kennysheep_mini_moat, shop, nicolae_shop_crystal,
          nicolae_shop_overgrown_old_shop, minmay_holes
Temple:   regret_index_temple_mists

Skill      XL: |  1  2  3  4  5  6  7  8  9 |
---------------+----------------------------+-----
Spellcasting   | 5 6 7 |  7.2
Invocations    | 1 2 3 4 5 |  5.5
Fighting       | 1 2 3 5 |  5.0
Short Blades   | 1 2 3 5 |  5.0
Long Blades    | 1 2 3 5 |  5.0
Axes           | 1 2 3 5 |  5.0
Maces & Flails | 1 2 3 5 |  5.0
Polearms       | 1 2 3 5 |  5.0
Staves         | 1 2 3 5 |  5.0
Slings         | 1 2 3 5 |  5.0
Bows           | 1 2 3 5 |  5.0
Crossbows      | 1 2 3 5 |  5.0
Throwing       | 1 2 3 5 |  5.0
Armour         | 1 2 3 5 |  5.0
Shields        | 1 2 3 5 |  5.0
Unarmed Combat | 1 2 3 5 |  5.0
Evocations     | 1 2 3 5 |  5.0
Conjurations   | 1 2 3 4 |  4.1
Hexes          | 1 2 3 4 |  4.1
Summonings     | 1 2 3 4 |  4.1
Translocations | 1 2 3 4 |  4.1
Transmutations | 1 2 3 4 |  4.1
Fire Magic     | 1 2 3 4 |  4.1
Ice Magic      | 1 2 3 4 |  4.1
Air Magic      | 1 2 3 4 |  4.1
Earth Magic    | 1 2 3 4 |  4.1
Poison Magic   | 1 2 3 4 |  4.1
Dodging        | 5 6 |  6.9
Stealth        | 5 6 |  6.6
Necromancy     | 8 |  8.3

Action                   |  1- 3 |  4- 6 |  7- 9 | 10-12 || total
-------------------------+-------+-------+-------+-------++-------
Melee: Unarmed           |       |    19 |       |       ||    19
       Long sword        |       |       |    81 |       ||    81
       Bite              |       |       |    23 |     2 ||    25
       Rapier            |       |       |    67 |     6 ||    73
       Punch             |       |       |     5 |       ||     5
 Cast: Pain              |    59 |    97 |   176 |    21 ||   353
       Vampiric Draining |       |     4 |    23 |     2 ||    29
       Call Canine Famil |       |       |     6 |     3 ||     9
       Summon Guardian G |       |       |     5 |     3 ||     8
       Agony             |       |       |     3 |       ||     3
  Use: Potion            |       |       |     3 |     1 ||     4
       Scroll            |       |       |       |     1 ||     1
 Stab: Sleeping          |       |       |     3 |       ||     3
       Distracted        |       |       |     1 |       ||     1
Armor: Robe              |       |     9 |    55 |     2 ||    66
       Skin              |       |       |       |    57 ||    57
Dodge: Dodged            |     4 |    42 |   232 |    37 ||   315

Table legend: (Time is in decaauts)
 A = Elapsed time spent in this place.
 B = Non-inter-level travel time spent in this place.
 C = Inter-level travel time spent in this place.
 D = Time resting spent in this place.
 E = Time spent auto-exploring this place.
 F = Levels seen in this place.
 G = Mean time per level.
                   A        B        C        D        E       F      G
               +--------+--------+--------+--------+--------+-----+--------+
         Total |  11188 |  10553 |    635 |    537 |   8436 |  10 | 1118.8 |
       Dungeon |  10685 |  10072 |    613 |    537 |   8013 |   8 | 1335.6 |
        Temple |     25 |      4 |     21 |      0 |      0 |   1 |   25.0 |
         Sewer |    477 |    477 |      0 |      0 |    422 |   1 |  477.0 |
               +--------+--------+--------+--------+--------+-----+--------+

Top non-repeatable levels by time:
     D:5: 2075 daAuts
     D:8: 1866 daAuts
     D:4: 1573 daAuts
     D:6: 1478 daAuts
     D:3: 1306 daAuts
     D:2: 1284 daAuts
     D:1: 733 daAuts
   Sewer: 477 daAuts
     D:9: 367 daAuts
  Temple: 25 daAuts
